[Event "Team 45 45 League T66"]
[Site "Internet Chess Club"]
[Date "2015.09.18"]
[Round "3"]
[White "LittleButton"]
[Black "ANGELLR"]
[Result "1/2-1/2"]
[WhiteElo "1837"]
[BlackElo "1920"]
[Opening "QGD Slav: exchange variation"]
[ECO "D13"]
[Time "16:01:09"]
[TimeControl "2700+45"]

1. d4 d5 2. Nf3 Nf6 3. c4 c6 4. cxd5 cxd5 5. Nc3 e6 6. Bf4 Nbd7 7. e3 a6 8. Bd3
b5 9. O-O Bb7 10. Rc1 Rc8 11. Re1 Be7 12. Ne5 O-O 13. a3 Ne4 14. Nxd7 Qxd7 15.
Qb3 h6 16. f3 Nd2 17. Qd1 Nc4 18. Bb1 f5 19. Qe2 b4 20. axb4 Bxb4 21. Red1 a5
22. Bd3 Bc6 23. Na2 Ba4 24. Rf1 Be7 25. Nc3 Bb3 26. Bc2 Bxc2 27. Rxc2 Nxb2 28.
Nxd5 exd5 29. Rxb2 a4 30. Rfb1 a3 31. Rb7 Qe8 32. Ra7 Rf6 33. Rbb7 Re6 34. Qa2
Qc6 35. h3 Bf8 36. Be5 Qc1+ 37. Kh2 Qxe3 38. Qxd5 Re8 39. Bxg7 Qf4+ 40. Kg1 Qc1+
41. Kh2 Qf4+ 42. Kg1 Qc1+ 43. Kh2 Qf4+ 44. Kg1 Qc1+ 45. Kh2 {Game drawn by
repetition} 1/2-1/2

[Event "Team 45 45 League T66"]
[Site "Internet Chess Club"]
[Date "2015.09.20"]
[Round "3"]
[White "primerpaso"]
[Black "LazyPeon"]
[Result "1-0"]
[WhiteElo "1889"]
[BlackElo "1737"]
[Opening "English opening"]
[ECO "A16"]
[Time "16:00:33"]
[TimeControl "2700+45"]

1. c4 Nf6 2. Nc3 g6 3. g3 Bg7 4. Bg2 O-O 5. e4 c5 6. Nge2 Nc6 7. O-O d6 8. h3 a6
9. f4 Rb8 10. d3 Bd7 11. Be3 b5 12. Qd2 bxc4 13. dxc4 Ne8 14. Rad1 Nd4 15. b3
Nxe2+ 16. Nxe2 Qc7 17. g4 Bc6 18. Ng3 Qb7 19. Rfe1 Nc7 20. f5 Be5 21. Bf4 Bd4+
22. Kh2 Qb4 23. Qxb4 Rxb4 24. e5 dxe5 25. Bxe5 Bxe5 26. Rxe5 Bxg2 27. Kxg2 a5
28. Rxc5 Rc8 29. Rd7 {Black resigns} 1-0

[Event "Team 45 45 League T66"]
[Site "Internet Chess Club"]
[Date "2015.09.18"]
[Round "3"]
[White "Stiltzkin"]
[Black "frank001"]
[Result "0-1"]
[WhiteElo "1817"]
[BlackElo "1829"]
[Opening "QGD: Albin counter-gambit, 5.g3"]
[ECO "D09"]
[Time "13:01:08"]
[TimeControl "2700+45"]

1. d4 d5 2. c4 e5 3. dxe5 d4 4. Nf3 Nc6 5. g3 Nge7 6. Bg2 Ng6 7. Qa4 Bb4+ 8. Bd2
Bxd2+ 9. Nbxd2 O-O 10. Nb3 Ngxe5 11. O-O d3 12. Rfd1 Bd7 13. Nc5 dxe2 14. Re1
Nd4 15. Nxd7 Ndxf3+ 16. Bxf3 Nxf3+ 17. Kg2 Nxe1+ 18. Rxe1 Re8 19. f4 Re7 20. Ne5
f6 21. Nf3 Qd3 22. Qb4 Rae8 23. Qxb7 Qxc4 24. b3 Qc5 25. b4 Qe3 26. Qd5+ Kh8 27.
b5 h6 28. Nd2 g5 29. fxg5 hxg5 30. Nf3 Kg7 31. h4 g4 32. Nd4 Qe4+ 33. Qxe4 Rxe4
34. Nc6 Ra4 {White resigns} 0-1

[Event "Team 45 45 League T66"]
[Site "Internet Chess Club"]
[Date "2015.09.19"]
[Round "3"]
[White "Portola"]
[Black "Bryant-L"]
[Result "1-0"]
[WhiteElo "1844"]
[BlackElo "1720"]
[Opening "Modern defense"]
[ECO "A40"]
[Time "17:01:33"]
[TimeControl "2700+45"]

1. d4 g6 2. c3 Bg7 3. Nf3 d6 4. Bg5 h6 5. Bh4 Nf6 6. Nbd2 O-O 7. e3 Nc6 8. Bc4
e5 9. dxe5 dxe5 10. Qe2 Qe7 11. e4 Be6 12. Bb5 Bd7 13. Bc4 Be6 14. O-O Rad8 15.
Rfd1 a5 16. Bb5 Bd7 17. a4 Nb8 18. Nc4 c6 19. Nxa5 cxb5 20. Nxb7 Rc8 21. Nd6 Rc7
22. axb5 Bc8 23. Rd2 Nbd7 24. Rad1 Bb7 25. b6 Rcc8 26. Nxc8 Bxc8 27. b7 Bxb7 28.
Rxd7 {Black resigns} 1-0

[Event "Team 45 45 League T66"]
[Site "Internet Chess Club"]
[Date "2015.09.20"]
[Round "3"]
[White "roji"]
[Black "lacibacsi"]
[Result "0-1"]
[WhiteElo "1874"]
[BlackElo "2072"]
[Opening "Sicilian defense"]
[ECO "B30"]
[Time "15:43:34"]
[TimeControl "2700+45"]

1. e4 c5 2. Nf3 Nc6 3. c4 g6 4. d4 Bg7 5. d5 Nd4 6. Nc3 d6 7. Be2 Nxe2 8. Qxe2
Nf6 9. h3 O-O 10. Be3 Bd7 11. O-O a6 12. a4 b6 13. Qd2 e5 14. Bh6 Nh5 15. Bxg7
Kxg7 16. Nh2 f5 17. exf5 gxf5 18. Ne2 f4 19. g4 f3 20. gxh5 fxe2 21. Qxe2 Bxh3
22. Ra3 Bxf1 23. Rg3+ Kh8 24. Nxf1 Qh4 25. Qd3 Rg8 26. Qf5 Raf8 27. Rxg8+ Rxg8+
28. Ng3 Qf4 29. Qe6 Rf8 30. Nh1 Qf6 31. Qh3 Qf5 32. Qh4 Qf4 33. Qe7 e4 34. Qe6
Rg8+ 35. Ng3 e3 36. Qxe3 Qxe3 37. fxe3 Rxg3+ 38. Kf2 Rh3 {White resigns} 0-1

[Event "Team 45 45 League T66"]
[Site "Internet Chess Club"]
[Date "2015.09.20"]
[Round "3"]
[White "Tobiasdelmonte"]
[Black "allaboutthegyro"]
[Result "0-1"]
[WhiteElo "1836"]
[BlackElo "1937"]
[Opening "Queen's pawn: London system"]
[ECO "A45"]
[Time "14:00:57"]
[TimeControl "2700+45"]

1. d4 Nf6 2. Bf4 c5 3. e3 e6 4. Nf3 Be7 5. Bd3 cxd4 6. exd4 Nc6 7. Kf1 O-O 8. c3
d6 9. h4 Qc7 10. Nbd2 e5 11. Kg1 exf4 12. Kf1 d5 13. h5 h6 14. Rc1 Bg4 15. Bb1
Rfe8 16. Qc2 Rad8 17. Rh4 Qd7 18. Ne5 Nxe5 19. dxe5 Ne4 20. Nxe4 dxe4 21. Rxg4
Qxg4 22. f3 Qxh5 23. Qxe4 Qh1+ 24. Kf2 Rd2+ {White resigns} 0-1

[Event "Team 45 45 League T66"]
[Site "Internet Chess Club"]
[Date "2015.09.20"]
[Round "3"]
[White "drbishop"]
[Black "passedpawn"]
[Result "0-1"]
[WhiteElo "1791"]
[BlackElo "1871"]
[Opening "QGD semi-Slav: Meran, 8...a6"]
[ECO "D48"]
[Time "16:04:53"]
[TimeControl "2700+45"]

1. d4 Nf6 2. c4 e6 3. Nf3 d5 4. Nc3 c6 5. e3 Nbd7 6. Bd3 dxc4 7. Bxc4 b5 8. Bd3
a6 9. a4 Bb7 10. O-O Be7 11. Re1 O-O 12. e4 b4 13. Na2 c5 14. Bg5 cxd4 15. Bxf6
Bxf6 16. Nxb4 a5 17. Nc2 e5 18. b4 axb4 19. Nxb4 Nc5 20. Qc2 Qa5 21. Reb1 Rfc8
22. Qe2 Ra7 23. Nd5 Bxd5 24. exd5 e4 25. Bxe4 Re7 26. Nd2 d3 27. Qg4 Rce8 28.
Nc4 Qd8 29. Bxh7+ Kxh7 30. Ne3 Bxa1 31. Rxa1 Re4 32. Qh5+ Kg8 33. h3 Qf6 34. Rc1
Nxa4 35. Rc6 Qa1+ 36. Kh2 Qe5+ 37. Qxe5 R4xe5 38. d6 Kf8 39. Nc4 Rc5 {White
forfeits on time} 0-1

[Event "Team 45 45 League T66"]
[Site "Internet Chess Club"]
[Date "2015.09.20"]
[Round "3"]
[White "Ajolote"]
[Black "Axagus"]
[Result "1-0"]
[WhiteElo "1632"]
[BlackElo "1703"]
[Opening "Scandinavian defense"]
[ECO "B01"]
[Time "19:00:29"]
[TimeControl "2700+45"]

1. e4 d5 2. exd5 Qxd5 3. Nc3 Qa5 4. d4 Nf6 5. Nf3 Bf5 6. Bd2 c6 7. b4 Qd8 8. Bc4
e6 9. a3 Bg4 10. Be3 Nd5 11. Nxd5 cxd5 12. Bb5+ Nd7 13. O-O Bd6 14. h3 Bh5 15.
Rc1 O-O 16. Bxd7 Qxd7 17. c4 dxc4 18. Rxc4 Rac8 19. Rxc8 Rxc8 20. g4 Bg6 21. Ne5
Qe7 22. Nxg6 hxg6 23. Qd2 e5 24. dxe5 Qxe5 25. f4 Qe7 26. Re1 Re8 27. Bf2 Qd7
28. Rxe8+ Qxe8 29. Qxd6 Qe4 30. Qd8+ Kh7 31. Qd4 Qf3 32. Qe3 Qc6 33. Kh2 a6 34.
Kg3 Qd5 35. Qf3 Qb5 36. f5 g5 37. f6 Qe5+ 38. Kg2 gxf6 39. Qf5+ Qxf5 40. gxf5
Kg8 41. Bd4 Kg7 42. Kf3 {Black resigns} 1-0

[Event "Team 45 45 League T66"]
[Site "Internet Chess Club"]
[Date "2015.09.18"]
[Round "3"]
[White "jonesey"]
[Black "junard"]
[Result "0-1"]
[WhiteElo "1936"]
[BlackElo "1984"]
[Opening "Sicilian defense"]
[ECO "B20"]
[Time "17:26:14"]
[TimeControl "2700+45"]

1. e4 c5 2. c4 e5 3. Nc3 g6 4. g3 Bg7 5. Bg2 Ne7 6. d3 O-O 7. Nge2 d6 8. O-O
Nbc6 9. a3 Be6 10. Rb1 Qd7 11. b4 b6 12. Nd5 Nd4 13. Nec3 h6 14. Bxh6 Nxd5 15.
Nxd5 Bxd5 16. Bxg7 Kxg7 17. exd5 Rh8 18. Rb2 f5 19. f4 exf4 20. Rxf4 Rae8 21.
Rbf2 Re5 22. Rxd4 cxd4 23. Qa1 Qa4 24. Qxd4 Qxa3 25. c5 bxc5 26. bxc5 Qxc5 27.
Qb2 Rc8 28. Qb7+ Rc7 29. Qb8 Re2 30. Qxc7+ Qxc7 31. Rxe2 a5 32. Ra2 Qb6+ {White
resigns} 0-1

[Event "Team 45 45 League T66"]
[Site "Internet Chess Club"]
[Date "2015.09.22"]
[Round "3"]
[White "freakypawn"]
[Black "laurenpar"]
[Result "0-1"]
[WhiteElo "1795"]
[BlackElo "1973"]
[Opening "Dutch defense"]
[ECO "A90"]
[Time "22:06:42"]
[TimeControl "2700+45"]

1. d4 e6 2. c4 f5 3. g3 Nf6 4. Bg2 d5 5. Qc2 c6 6. Nh3 Bd6 7. Bf4 Be7 8. Nd2 O-O
9. O-O Na6 10. a3 h6 11. Rfc1 g5 12. Be5 Ng4 13. Nf3 Bd7 14. cxd5 exd5 15. b4
Nc7 16. Bxc7 Qxc7 17. Nd2 Qd6 18. Nb3 Rae8 19. Nc5 Bc8 20. e3 Qf6 21. Qd2 Bd6
22. Nd3 Rf7 23. Ra2 h5 24. Rac2 Be6 25. Nc5 h4 26. e4 Bxc5 27. Rxc5 fxe4 28.
Qxg5+ Rg7 29. Qxf6 Nxf6 30. Nf4 hxg3 31. hxg3 a6 32. R5c3 Nd7 33. Nxe6 Rxe6 34.
Bh3 Rh6 35. Bxd7 Rxd7 36. Kg2 Rdh7 37. Rg1 Rh2+ 38. Kf1 Kg7 39. Rg2 Rh1+ 40. Rg1
R1h2 41. Ke2 Kg6 42. Rcc1 Kg5 43. Ke3 Rf7 44. Rcf1 Rf3+ 45. Ke2 Rxa3 46. Rh1
Rxh1 47. Rxh1 Rb3 48. Rh7 Rxb4 49. Ke3 a5 50. Rg7+ Kf6 51. Rg8 b5 52. g4 a4 53.
g5+ Kf7 54. Rc8 Rc4 55. f4 exf3 56. Kxf3 a3 57. Rh8 a2 58. Rh1 b4 59. Kf4 b3 60.
Kf5 b2 61. g6+ Kg8 {White resigns} 0-1

[Event "Team 45 45 League T66"]
[Site "Internet Chess Club"]
[Date "2015.09.18"]
[Round "3"]
[White "SlimeDog2"]
[Black "Gilligan"]
[Result "1/2-1/2"]
[WhiteElo "2055"]
[BlackElo "2008"]
[Opening "QGD: 6.Nf3"]
[ECO "D55"]
[Time "21:08:53"]
[TimeControl "2700+45"]

1. d4 Nf6 2. c4 e6 3. Nf3 d5 4. Nc3 Be7 5. Bg5 O-O 6. e3 a6 7. Qc2 dxc4 8. Bxc4
b5 9. Bd3 Nbd7 10. Ne5 h6 11. Nc6 Qe8 12. Nxe7+ Qxe7 13. Bh4 Bb7 14. O-O c5 15.
dxc5 Qxc5 16. Rac1 Rac8 17. Qb1 Qh5 18. Bg3 b4 19. Ne2 e5 20. f3 Qg5 21. e4 Nc5
22. Bf2 Nxd3 23. Qxd3 Rfd8 24. Rxc8 Rxc8 25. Qd6 Rc2 26. Ng3 Bc8 27. Qxb4 Qd2
28. Qb8 Kh7 29. Qxe5 Bd7 30. Qd4 Rxb2 31. e5 Nd5 32. a3 Nf4 33. Qxd2 Rxd2 34.
Be3 Ne2+ 35. Nxe2 Rxe2 36. Bd4 h5 37. h4 Kg6 38. Kh2 Kf5 39. e6 Bxe6 40. Bxg7 a5
41. Rc1 a4 42. Rc5+ Kg6 43. Rg5+ Kh7 44. Bf8 Rd2 45. Rxh5+ Kg8 46. Bb4 Rd5 47.
Rxd5 Bxd5 48. Kg3 Kg7 49. Kf4 Kg6 50. g4 Bb3 51. h5+ Kg7 52. Bc3+ Kh6 53. Kf5
Bd1 54. Bd2+ Kh7 55. f4 Kg7 56. Kg5 Kh7 57. Bc3 Be2 58. Bf6 Bd1 59. h6 Bc2 60.
f5 Bd1 61. Bg7 Be2 62. Kf4 Bd1 63. g5 Bc2 64. Ke5 Bd3 65. Kf6 Bc2 {Game drawn by
mutual agreement} 1/2-1/2

[Event "Team 45 45 League T66"]
[Site "Internet Chess Club"]
[Date "2015.09.19"]
[Round "3"]
[White "The7thGuest"]
[Black "cesaralexander"]
[Result "1-0"]
[WhiteElo "1923"]
[BlackElo "1941"]
[Opening "French: Winawer, advance, Bogolyubov variation"]
[ECO "C17"]
[Time "07:55:29"]
[TimeControl "2700+45"]

1. e4 e6 2. d4 d5 3. Nc3 Bb4 4. e5 c5 5. Bd2 Nc6 6. Nb5 Bxd2+ 7. Qxd2 cxd4 8. f4
Nh6 9. Nf3 Nf5 10. Nbxd4 Nfxd4 11. Nxd4 Nxd4 12. Qxd4 Qa5+ 13. Qd2 Qxd2+ 14.
Kxd2 Bd7 15. g3 Rc8 16. Bd3 Ke7 17. Ke3 Rc6 18. Kd4 Rhc8 19. Rhc1 Rb6 20. b3 Bb5
21. Bxb5 Rxb5 22. c3 Rbc5 23. Rc2 b5 24. a4 b4 25. Rac1 f6 26. Kd3 bxc3 27. Rxc3
Rxc3+ 28. Rxc3 Rxc3+ 29. Kxc3 Kd7 30. exf6 gxf6 31. f5 e5 32. g4 Kd6 33. b4 a6
34. g5 fxg5 35. f6 h5 36. f7 Ke7 37. b5 axb5 38. axb5 {Black resigns} 1-0

[Event "Team 45 45 League T66"]
[Site "Internet Chess Club"]
[Date "2015.09.19"]
[Round "3"]
[White "jt2000"]
[Black "JPSVI"]
[Result "0-1"]
[WhiteElo "2040"]
[BlackElo "1593"]
[Opening "French: Chigorin variation"]
[ECO "C00"]
[Time "17:02:50"]
[TimeControl "2700+45"]

1. e4 e6 2. Qe2 c5 3. g3 Nc6 4. Nf3 g6 5. Bg2 Bg7 6. O-O Nge7 7. c3 O-O 8. d3 b6
9. Be3 Ba6 10. Rd1 Qc7 11. Qd2 d5 12. e5 Nxe5 13. Nxe5 Bxe5 14. d4 Bg7 15. Bf4
Qd7 16. Na3 cxd4 17. cxd4 Nf5 18. Qb4 Rac8 19. g4 Nh4 20. Bd6 Rfe8 21. h3 Nxg2
22. Kxg2 Rc6 23. Bg3 Rec8 24. Qa4 Bc4 25. b3 Be2 26. Rd2 Bf3+ 27. Kxf3 Rc3+ 28.
Ke2 Qxa4 29. bxa4 Rxa3 30. Rb1 Rxa4 31. Rbd1 Rac4 32. Bf4 Rc2 33. Kd3 Rxd2+ 34.
Bxd2 Rc4 35. Bc3 b5 36. Rb1 a6 37. Rb3 Kf8 38. Bb2 Ke8 39. Ra3 Rc6 40. Rb3 Kd7
41. Ba3 Rc4 42. Bc5 e5 {White resigns} 0-1

[Event "Team 45 45 League T66"]
[Site "Internet Chess Club"]
[Date "2015.09.21"]
[Round "3"]
[White "LiangLiang"]
[Black "Goli"]
[Result "1-0"]
[WhiteElo "1850"]
[BlackElo "1629"]
[Opening "King's Indian: Four pawns attack, dynamic line"]
[ECO "E76"]
[Time "17:30:23"]
[TimeControl "2700+45"]

1. e4 g6 2. d4 Bg7 3. f4 d6 4. c4 Nf6 5. Nc3 O-O 6. Nf3 c5 7. d5 e6 8. Bd3 exd5
9. cxd5 a6 10. a4 Bg4 11. h3 Bxf3 12. Qxf3 Nbd7 13. Be3 Qa5 14. O-O Qb4 15. Qe2
Rac8 16. Qc2 c4 17. Be2 Rfe8 18. a5 Nc5 19. Bf3 Nfd7 20. Rfb1 b6 21. axb6 Qxb6
22. Bf2 Qd8 23. Bg4 Nd3 24. Rxa6 Nxf2 25. Qxf2 Bxc3 26. bxc3 Rxe4 27. Rxd6 f5
28. Bf3 Re7 29. Rc6 Kf7 30. d6 Re8 31. Bd5+ Kf8 32. Rb7 Nf6 33. Rf7+ {Black
resigns} 1-0

[Event "Team 45 45 League T66"]
[Site "Internet Chess Club"]
[Date "2015.09.20"]
[Round "3"]
[White "gump12345"]
[Black "Zkid"]
[Result "0-1"]
[WhiteElo "1966"]
[BlackElo "2309"]
[Opening "Sicilian: Canal-Sokolsky (Nimzovich-Rossolimo, Moscow) attack"]
[ECO "B51"]
[Time "18:03:28"]
[TimeControl "2700+45"]

1. e4 c5 2. Nf3 d6 3. Bb5+ Nd7 4. c3 Nf6 5. Qe2 a6 6. Ba4 e5 7. O-O Be7 8. d4 b5
9. Bc2 O-O 10. Bg5 Bb7 11. d5 Nxd5 12. Bxe7 Nxe7 13. Nbd2 Qb6 14. Rad1 Rad8 15.
Rfe1 Rfe8 16. Nf1 Nf6 17. Rd2 Ng6 18. Qd1 Qc7 19. Ng3 d5 20. exd5 Bxd5 21. Ne4
Nxe4 22. Rxd5 Rxd5 23. Qxd5 Nf6 24. Qd2 Nf8 25. a4 h6 26. Nh4 Qd7 27. Qe3 e4 28.
Rd1 Qg4 29. Qg3 Qe2 30. Rc1 Rd8 31. Nf5 Nh5 32. Nxh6+ Kh7 33. Bxe4+ Qxe4 34. Qg5
Rd5 35. Nxf7 Qe6 36. axb5 Qxf7 {White resigns} 0-1

[Event "Team 45 45 League T66"]
[Site "Internet Chess Club"]
[Date "2015.09.21"]
[Round "3"]
[White "Accarid"]
[Black "Monterrey"]
[Result "1-0"]
[WhiteElo "2207"]
[BlackElo "1944"]
[Opening "French: Winawer, advance, poisoned pawn variation"]
[ECO "C18"]
[Time "22:00:25"]
[TimeControl "2700+45"]

1. e4 e6 2. d4 d5 3. Nc3 Bb4 4. e5 c5 5. a3 Bxc3+ 6. bxc3 Ne7 7. Qg4 O-O 8. Bd3
f5 9. exf6 Rxf6 10. Bg5 Rf7 11. Qh5 g6 12. Qd1 Qa5 13. Bd2 Nd7 14. Nf3 c4 15.
Be2 Nf6 16. Ne5 Rf8 17. Bf3 Nc6 18. Qe2 Nxe5 19. Qxe5 Bd7 20. h4 Qa4 21. Ra2 Qb5
22. O-O Ne4 23. Bxe4 dxe4 24. Qxe4 Rae8 25. Bf4 Bc6 26. Qe5 Rf5 27. Qxb5 Rxb5
28. Be5 Rd8 29. a4 Rbd5 30. Rb1 R5d7 31. f3 Bd5 32. Kf2 Rc8 33. a5 Re8 34. Rab2
Rc8 35. Ke3 Rf8 36. Rb4 Rc8 37. h5 g5 38. a6 b6 39. Kf2 Kf7 40. Kg3 h6 41. Kg4
Rg8 42. Re1 Ke7 43. Rbb1 Rdd8 44. Re2 Rdf8 45. Ree1 Kd7 46. Rb4 Kc6 47. Reb1 Rf7
48. Ra1 Rc8 49. Raa4 Kd7 50. Kg3 Bc6 51. Ra1 Bd5 52. Kf2 g4 53. Rh1 Rg8 54. f4
Kc6 55. Kg3 Be4 56. Rxc4+ Kd5 57. Rb4 Bxc2 58. Rc1 Bd3 59. c4+ Kc6 60. d5+ Kd7
61. c5 b5 62. c6+ Kc8 63. d6 {Black resigns} 1-0

[Event "Team 45 45 League T66"]
[Site "Internet Chess Club"]
[Date "2015.09.19"]
[Round "3"]
[White "xwang1"]
[Black "Percival"]
[Result "1-0"]
[WhiteElo "2051"]
[BlackElo "2132"]
[Opening "French: Rubinstein variation"]
[ECO "C03"]
[Time "10:10:16"]
[TimeControl "2700+45"]

1. e4 e6 2. d4 d5 3. Nd2 dxe4 4. Nxe4 Nd7 5. Nf3 Ngf6 6. Nxf6+ Nxf6 7. c3 Be7 8.
Bd3 O-O 9. O-O b6 10. Bg5 Bb7 11. Qe2 c5 12. Rad1 cxd4 13. cxd4 Qd5 14. b3 h6
15. Bc1 Ne4 16. Bc4 Qh5 17. Qe3 Nf6 18. Ne5 Ng4 19. Nxg4 Qxg4 20. f3 Qh5 21. Qf4
Rac8 22. Rfe1 Bf6 23. Be3 Rfd8 24. Rc1 e5 25. dxe5 Qxe5 26. Qg4 {Black forfeits
on time} 1-0

[Event "Team 45 45 League T66"]
[Site "Internet Chess Club"]
[Date "2015.09.20"]
[Round "3"]
[White "Froggy"]
[Black "ChevalNoir"]
[Result "1/2-1/2"]
[WhiteElo "2101"]
[BlackElo "1907"]
[Opening "English opening"]
[ECO "A16"]
[Time "20:00:36"]
[TimeControl "2700+45"]

1. c4 Nf6 2. Nc3 g6 3. g3 Bg7 4. Bg2 O-O 5. d3 d6 6. Rb1 c5 7. a3 Nc6 8. b4 cxb4
9. axb4 a5 10. bxa5 Qxa5 11. Bd2 Ng4 12. Nd5 Qc5 13. e3 Bf5 14. Nb4 Nce5 15. d4
Qxc4 16. Bf1 Nd3+ 17. Bxd3 Bxd3 18. Rc1 Nxe3 19. fxe3 Qb5 20. Nxd3 Qxd3 21. Qc2
Qxc2 22. Rxc2 Ra1+ 23. Rc1 Rxc1+ 24. Bxc1 Ra8 25. Nf3 f5 26. O-O e5 27. dxe5
dxe5 28. Bb2 Bh6 29. Bxe5 Bxe3+ 30. Kh1 Rc8 31. Rb1 Rc1+ 32. Rxc1 Bxc1 33. Kg2
Kf7 34. Kf2 Ke6 35. Ke2 Kd5 36. Kd3 Bh6 37. Bf6 Bf8 38. Nd4 Ba3 39. Ne2 Bd6 40.
Bg5 b5 41. Nf4+ Kc5 42. Ne6+ Kd5 43. Nf4+ Kc5 44. Bh6 Kb4 45. Ne6 Ka3 46. Kc2 b4
47. Kb1 Kb3 48. Ng5 f4 49. gxf4 Bxf4 50. h4 Kc4 51. Bf8 Bg3 52. Nf3 Kd3 53. Bxb4
Ke3 54. Ng5 h5 55. Ne6 Bxh4 56. Kc2 Ke4 {Game drawn by mutual agreement} 1/2-1/2

[Event "Team 45 45 League T66"]
[Site "Internet Chess Club"]
[Date "2015.09.20"]
[Round "3"]
[White "Goldenberg"]
[Black "Regista"]
[Result "1/2-1/2"]
[WhiteElo "2127"]
[BlackElo "2184"]
[Opening "Caro-Kann: Panov-Botvinnik attack"]
[ECO "B13"]
[Time "21:00:30"]
[TimeControl "2700+45"]

1. e4 c6 2. d4 d5 3. exd5 cxd5 4. c4 Nf6 5. Nc3 Be6 6. c5 g6 7. Nf3 Bg7 8. Bd3
Nc6 9. O-O Bg4 10. Be2 O-O 11. Bf4 Ne4 12. Rc1 e6 13. Nd2 Nxc3 14. bxc3 Bxe2 15.
Qxe2 Re8 16. Nf3 Qa5 17. Bd6 {Game drawn by mutual agreement} 1/2-1/2

[Event "Team 45 45 League T66"]
[Site "Internet Chess Club"]
[Date "2015.09.20"]
[Round "3"]
[White "Pomberito"]
[Black "juniorVishy"]
[Result "0-1"]
[WhiteElo "2014"]
[BlackElo "2048"]
[Opening "Sicilian: accelerated fianchetto, Maróczy bind, 6.Be3"]
[ECO "B38"]
[Time "19:01:03"]
[TimeControl "2700+45"]

1. e4 c5 2. Nf3 g6 3. d4 cxd4 4. Nxd4 Bg7 5. c4 Nc6 6. Be3 Nf6 7. Nc3 O-O 8. Nc2
d6 9. Be2 Be6 10. f3 Rc8 11. Qd2 Nd7 12. Rc1 Qa5 13. Na3 Qb4 14. Rc2 a6 15. O-O
f5 16. Rd1 fxe4 17. Nxe4 Bf5 18. Qd5+ Kh8 19. Bd2 Qb6+ 20. c5 Nxc5 21. Nc4 Qa7
22. Be3 Nb4 23. Qd2 Nxc2 24. Qxc2 Bxe4 25. fxe4 b5 26. b4 bxc4 27. bxc5 c3 28.
Bg4 Rb8 29. Qc1 Qb7 30. cxd6 exd6 31. Qc2 Qb2 32. Qd3 c2 33. Rc1 Qc3 34. Qxc3
Bxc3 35. Rxc2 Rb1+ {White resigns} 0-1

[Event "Team 45 45 League T66"]
[Site "Internet Chess Club"]
[Date "2015.09.22"]
[Round "3"]
[White "JasonModer"]
[Black "CHENENE"]
[Result "0-1"]
[WhiteElo "1860"]
[BlackElo "2245"]
[Opening "QGD Slav defense"]
[ECO "D10"]
[Time "19:32:35"]
[TimeControl "2700+45"]

1. d4 d5 2. c4 c6 3. e3 Nf6 4. Nc3 a6 5. Nf3 b5 6. b3 Bg4 7. h3 Bh5 8. Bb2 e6 9.
Be2 Bd6 10. O-O Nbd7 11. Rc1 O-O 12. Qc2 Re8 13. Rfd1 Rc8 14. a3 Qe7 15. c5 Bc7
16. b4 e5 17. dxe5 Nxe5 18. Nd4 Bg6 19. Qd2 Bb8 20. a4 Qc7 21. f4 Nc4 22. Bxc4
bxc4 23. Ba3 Qe7 24. Re1 Ne4 25. Qb2 Nxc3 26. Qxc3 Be4 27. b5 axb5 28. axb5 cxb5
29. Nxb5 Qd7 30. Nd4 Bc7 31. Bb4 Qe7 32. Ra1 Qh4 33. Ra7 Qg3 34. Qd2 Bb8 35. Rb7
g5 36. Qf2 Qxf2+ 37. Kxf2 gxf4 38. exf4 Bxf4 39. Nb5 d4 40. Rb6 Be3+ 41. Kg3 f5
42. Nd6 f4+ 43. Kh2 c3 44. Nxc8 Rxc8 45. g3 c2 46. Re6 Bc6 47. Ba3 Kf7 48. Rd6
f3 49. Rf1 f2 50. h4 Bb5 51. Kg2 Bxf1+ 52. Kxf1 Rxc5 53. Rd7+ Ke6 54. Re7+ Kf6
55. Rxe3 dxe3 56. Bc1 Rc3 57. Ke2 h5 58. Bb2 c1=Q 59. Bxc1 Rxc1 {White resigns}
0-1

[Event "Team 45 45 League T66"]
[Site "Internet Chess Club"]
[Date "2015.09.18"]
[Round "3"]
[White "PoisonPawn"]
[Black "vjbaker"]
[Result "0-1"]
[WhiteElo "2104"]
[BlackElo "1795"]
[Opening "Sicilian: accelerated fianchetto, modern variation with Bc4"]
[ECO "B35"]
[Time "19:07:51"]
[TimeControl "2700+45"]

1. e4 c5 2. Nf3 Nc6 3. d4 cxd4 4. Nxd4 g6 5. Nc3 Bg7 6. Be3 Nf6 7. Bc4 Qa5 8.
O-O O-O 9. Nb3 Qd8 10. Bg5 d6 11. Qd2 a6 12. a4 Ne5 13. Be2 Be6 14. Nd4 Nc4 15.
Bxc4 Bxc4 16. Rfe1 Qc7 17. Bh6 Bxh6 18. Qxh6 Qc5 19. Rad1 b5 20. Re3 Ng4 21. Qh4
Nxe3 22. fxe3 e5 23. Nf5 f6 24. Ne7+ Kg7 25. Ncd5 Rf7 26. b4 Qa7 27. a5 Re8
{White resigns} 0-1

[Event "Team 45 45 League T66"]
[Site "Internet Chess Club"]
[Date "2015.09.18"]
[Round "3"]
[White "tuantuan"]
[Black "bradleyguo175"]
[Result "0-1"]
[WhiteElo "1511"]
[BlackElo "1671"]
[Opening "Sicilian: dragon variation"]
[ECO "B70"]
[Time "19:56:48"]
[TimeControl "2700+45"]

1. e4 c5 2. Nf3 d6 3. d4 cxd4 4. Nxd4 Nf6 5. Nc3 g6 6. Bc4 Bg7 7. O-O O-O 8. Re1
Nc6 9. Bf4 Nxd4 10. Qxd4 e5 11. Bxe5 dxe5 12. Qe3 Ng4 13. Qc5 Qd2 14. Re2 Qf4
15. g3 Qf3 16. Ree1 b6 17. Be2 Qf6 18. Nd5 bxc5 19. Nxf6+ Nxf6 20. Bb5 Rb8 21.
a4 a6 22. Bc4 Rxb2 23. Bb3 Be6 24. Reb1 Rxb1+ 25. Rxb1 Bxb3 26. cxb3 Nxe4 27.
Re1 f5 {White resigns} 0-1

[Event "Team 45 45 League T66"]
[Site "Internet Chess Club"]
[Date "2015.09.26"]
[Round "3"]
[White "hudson"]
[Black "anishio"]
[Result "1-0"]
[WhiteElo "1709"]
[BlackElo "1619"]
[Opening "Evans gambit"]
[ECO "C51"]
[Time "22:16:54"]
[TimeControl "2700+45"]

1. e4 e5 2. Bc4 Bc5 3. Nf3 Nc6 4. b4 Bxb4 5. c3 Bc5 6. d4 exd4 7. O-O dxc3 8.
Bxf7+ Kxf7 9. Qd5+ Ke8 10. Qxc5 d6 11. Qxc3 Qf6 12. e5 dxe5 13. Re1 h6 14. Nxe5
Kf8 15. Ba3+ Nge7 16. Bxe7+ Nxe7 17. Qxc7 Nc6 18. Nc3 Nxe5 19. Rxe5 Kg8 20. Nd5
Qf7 21. Ne7+ Kh7 22. Qc2+ g6 23. Nxg6 {Black resigns} 1-0

[Event "Team 45 45 League T66"]
[Site "Internet Chess Club"]
[Date "2015.09.19"]
[Round "3"]
[White "ahxm"]
[Black "idjit"]
[Result "0-1"]
[WhiteElo "1281"]
[BlackElo "1553"]
[Opening "Sicilian: O'Kelly variation"]
[ECO "B28"]
[Time "12:01:06"]
[TimeControl "2700+45"]

1. e4 c5 2. Nf3 a6 3. d4 cxd4 4. Nxd4 Nf6 5. Nc3 e5 6. Nb3 Bb4 7. Qd3 d5 8. exd5
Qxd5 9. Qxd5 Nxd5 10. Bd2 Nxc3 11. Bxc3 Bxc3+ 12. bxc3 Be6 13. Bd3 Nd7 14. Nd2
Ke7 15. O-O Rhc8 16. Ne4 h6 17. Rfb1 b5 18. Re1 f5 19. Ng3 e4 20. Be2 Rxc3 21.
Rac1 Rac8 22. Bd1 g6 23. Nf1 Ra3 24. Ra1 Rxa2 25. Rxa2 Bxa2 26. Re3 Bc4 27. Ra3
Rc6 28. Ne3 Ne5 29. h3 Rd6 30. Ra1 Kf6 31. c3 f4 32. Nxc4 Nxc4 33. Be2 Ne5 34.
Kf1 Nd3 35. Bxd3 exd3 36. Rd1 a5 37. Ra1 a4 38. Ke1 d2+ 39. Ke2 d1=Q+ 40. Rxd1
Rxd1 41. Kxd1 Kf5 42. Kd2 g5 43. Kd1 Ke4 44. Kd2 f3 45. g3 a3 46. Kc2 a2 47. Kb2
Kd3 48. Kxa2 Kxc3 49. Kb1 Kd2 50. Kb2 Ke2 51. Kc1 Kxf2 52. Kd2 Kg2 53. Ke3 f2
54. Ke4 f1=Q 55. Kd4 Kf3 56. g4 Kf4 57. Kc3 Qc4+ 58. Kd2 Ke4 59. Ke1 Ke3 60. Kd1
Qc3 61. h4 Qd2# {White checkmated} 0-1